 Dungeon Crawl Stone Soup version 0.31-a0-845-g9abc20d24f (webtiles) character file.

Game seed: 2254857257273548058

128158 Kurtz the Peltast (level 17, -11/118 (123) HPs)
             Began as an Octopode Fighter on Oct 1, 2023.
             Was an Initiate of Gozag.
             Mangled by a spectral spriggan berserker (13 damage)
             ... called from beyond by a ghost crab
             ... while paralysed by a fenstrider witch
             ... on level 3 of the Swamp.
             The game lasted 01:02:44 (37295 turns).

Kurtz the Peltast (Octopode Fighter)               Turns: 37295, Time: 01:02:45

HP:   -11/118 (123) AC:  5    Str: 18    XL:     17   Next: 2%
MP:   17/17         EV:  2    Int: 11    God:    Gozag
Gold: 727           SH:  0    Dex: 28    Spells: 8/16 levels left

rFire   . . .        M - +1 war axe (elec)
rCold   + . .        C - +4 tower shield
rNeg    + . .        (helmet currently unavailable)
rPois   +            q - amulet of regeneration
rElec   .            d - ring of poison resistance
rCorr   +            g - +5 ring of evasion
SInv    +            u - ring of protection from cold
Will    +....        B - +4 ring of protection
Stlth   ++++         J - +6 ring of dexterity
HPRegen 1.19/turn    H - ring of resist corrosion
MPRegen 0.15/turn    U - ring of see invisible
                     b - ring of Xemeeg {Fly rN+ Dex+4 Stlth-}

%: no passive effects
@: paralysed, beast-form, gold aura, flying, studying Long Blades, lightly
drained
A: beast (slay +4), almost no armour, amphibious, 8 rings, camouflage 1,
gelatinous body 1, nimble swimmer 1, tentacles, agile 1
a: Begin Untransformation, Renounce Religion, Potion Petition, Call Merchant,
Bribe Branch


You were on level 3 of the Swamp.
You worshipped Gozag.
Gozag was pleased with you.
You were a hulking beast.
You visited 6 branches of the dungeon, and saw 27 of its levels.

You collected 8814 gold pieces.
You spent 2565 gold pieces at shops.
You paid 5522 gold pieces to Gozag.

Inventory:

Hand Weapons
 n - a +1 mace of protection
 x - a +1 flail of draining
 M - a +1 war axe of electrocution (weapon)
 Y - a +1 heavy war axe
Missiles
 c - 6 boomerangs
 p - 55 poisoned darts
 V - 8 curare-tipped darts
Armour
 C - a +4 tower shield (worn)
Jewellery
 b - the ring of Xemeeg (on tentacle) {Fly rN+ Dex+4 Stlth-}
   (You found it on level 4 of the Lair of Beasts)

   [ring of flight]

   Dex+4:     It affects your dexterity (+4).
   rN+:       It protects you from negative energy.
   Fly:       It grants you flight.
   Stlth-:    It makes you less stealthy.
 d - a ring of poison resistance (left tentacle)
 g - a +5 ring of evasion (right tentacle)
 q - an amulet of regeneration (around mantle)
 u - a ring of protection from cold (on tentacle)
 B - a +4 ring of protection (on tentacle)
 H - a ring of resist corrosion (on tentacle)
 J - a +6 ring of dexterity (on tentacle)
 L - a ring of positive energy
 U - a ring of see invisible (on tentacle)
Talismans
 O - a beast talisman (active)
Wands
 w - a wand of paralysis (8)
 E - a wand of digging (7)
 I - a wand of flame (20)
 Q - a wand of polymorph (11)
 R - a wand of roots (8)
 X - a wand of acid (5) (quivered)
Scrolls
 a - a scroll of fear
 f - 8 scrolls of immolation
 j - a scroll of vulnerability
 k - 3 scrolls of blinking
 o - 4 scrolls of revelation
 r - a scroll of enchant weapon
 v - a scroll of enchant armour
 y - 3 scrolls of noise
 z - 8 scrolls of teleportation
 D - 2 scrolls of brand weapon
 G - a scroll of butterflies
 K - a scroll of poison
 T - 3 scrolls of torment
Potions
 e - 3 potions of resistance
 h - 3 potions of cancellation
 i - 7 potions of curing
 l - a potion of haste
 m - 3 potions of attraction
 s - 3 potions of magic
 A - 7 potions of mutation
 F - 2 potions of brilliance
 N - a potion of enlightenment
 P - a potion of heal wounds
 S - 3 potions of ambrosia
Miscellaneous
 t - a tin of tremorstones (inert)
 W - a phantom mirror


   Skills:
 * Level 13.3 Fighting
 * Level 17.5 Axes
 * Level 13.8 Dodging
 - Level 1.4 Stealth
 - Level 18.0 Shields
 - Level 7.0 Shapeshifting


You had 8 spell levels left.
You knew the following spells:

 Your Spells              Type           Power      Damage    Failure   Level
a - Ignition              Fire           0%         3d3       100%        8

Your spell library contained the following spells:

 Spells                   Type           Power      Damage    Failure   Level
 Apportation              Tloc           0%         N/A       63%         1
 Magic Dart               Conj           0%         1d3       63%         1
 Necrotise                Necr           0%         1d4       63%         1
 Ensorcelled Hibernation  Hex/Ice        0%         N/A       77%         2
 Jinxbite                 Hex            0%         N/A       77%         2
 Passwall                 Tmut/Erth      0%         N/A       77%         2
 Searing Ray              Conj           0%         2d4       77%         2
 Ozocubu's Armour         Ice            0%         N/A       94%         3
 Swiftness                Air            0%         N/A       94%         3
 Vampiric Draining        Necr           0%         2d6       94%         3
 Brom's Barrelling Bould  Conj/Erth      0%         2d3       100%        4
 Fulminant Prism          Conj/Hex       0%         3d5       100%        4
 Leda's Liquefaction      Hex/Erth       0%         N/A       100%        4
 Olgreb's Toxic Radiance  Pois           0%         N/A       100%        4
 Agony                    Necr           0%         N/A       100%        5
 Alistair's Intoxication  Tmut/Pois      0%         N/A       100%        5
 Fireball                 Conj/Fire      0%         3d3       100%        5
 Iskenderun's Battlesphe  Conj           0%         2d6       100%        5
 Lee's Rapid Deconstruct  Erth           0%         3d4*      100%        5
 Metabolic Englaciation   Hex/Ice        0%         N/A       100%        5
 Summon Forest            Summ/Tloc      0%         N/A       100%        5
 Bombard                  Conj/Erth      0%         9d1       100%        6
 Conjure Ball Lightning   Conj/Air       0%         3x3d6     100%        6
 Eringya's Noxious Bog    Tmut/Pois      0%         4d6       100%        6
 Orb of Destruction       Conj           0%         9d5       100%        7
 Summon Hydra             Summ           0%         N/A       100%        7
 Discord                  Hex            0%         N/A       100%        8
 Simulacrum               Ice/Necr       Unusable   N/A       N/A         6

Dungeon Overview and Level Annotations

Branches:
Dungeon (15/15) Temple (1/1) D:4 Lair (5/5) D:11 Swamp (3/4) Lair:2 Spider (1/4) Lair:3 Slime (0/5) Lair:4 Orc (2/2) D:11 Elf (0/3) Orc:2 Vaults (0/5) D:12 D:13 Depths (0/4) D:15

Altars:
Ashenzari
Cheibriados
Dithmenos
Elyvilon
Fedhas
Gozag
Hepliaklqana
Kikubaaqudgha
Makhleb
Nemelex Xobeh
Okawaru
Qazlal
Ru
Sif Muna
Trog
Uskayaw
Vehumet
Wu Jian
Xom
Yredelemnul
Zin
The Shining One
Jiyva

Shops:
D:2 [   D:4 ?   D:7 !   Orc:2 [(**   Lair:1 ((?!

Portals:
Abyss: D:14

Annotations:
D:10 exclusion: downstairs
D:12 exclusion: 2 downstairs
D:13 exclusion: downstairs
D:14 2 transporters, exclusion: downstairs, Nanner's ghost, weakling FoFi
Lair:1 exclusion: downstairs
Lair:3 2 runed translucent doors, Sompeu's ghost, journeyman DrDe
Lair:4 exclusions: downstairs and 1 more exclusion
Orc:2 2 transporters, ratmeat3's ghost, journeyman FoFi


Innate Abilities, Weirdness & Mutations

You are a hulking beast.
Your limbs bulge with bestial killing power. (Slay +4)
You cannot wear most types of armour.
You are amphibious.
You can wear up to eight rings at the same time.
Your skin changes colour to match your surroundings (Stealth+).
Your rubbery body absorbs attacks. (AC +1, EV +1)
You are camouflaged when in or above water. (Stealth+)
You have tentacles for arms and can constrict up to eight enemies at once.
You are agile. (Dex +4, Str/Int -1)


Message History

You block the fenstrider witch's attack. x2
The ghost crab breathes spectral mist at you.
The spectral mist engulfs the bog body but does no damage.
You slash the fenstrider witch!
Lightning courses through the fenstrider witch!
The fenstrider witch is severely wounded.
You hit the spectral spriggan berserker.
Lightning courses through the spectral spriggan berserker!
The fenstrider witch is engulfed in spectral mist.
The fenstrider witch points at you and mumbles some strange words.
You suddenly lose the ability to move!
The fenstrider witch is engulfed in spectral mist.
The fenstrider witch hits you. The fenstrider witch kicks you!
The ghost crab breathes spectral mist at you.
The spectral mist engulfs the bog body but does no damage.
The spectral spriggan berserker hits you!
You partially resist.
You feel drained.
The fenstrider witch is engulfed in spectral mist.
The fenstrider witch hits you.
The fenstrider witch kicks you but does no damage.
The spectral spriggan berserker hits you.
You partially resist.
You feel drained.
The fenstrider witch is engulfed in spectral mist.
The fenstrider witch dies!
The spectral spriggan berserker hits you!
* * * LOW HITPOINT WARNING * * *
You partially resist.
You feel drained.
* * * LOW HITPOINT WARNING * * *
The spectral fenstrider witch hits you!
* * * LOW HITPOINT WARNING * * *
The spectral fenstrider witch kicks you!
* * * LOW HITPOINT WARNING * * *
The spectral fenstrider witch hits you.
* * * LOW HITPOINT WARNING * * *
The spectral fenstrider witch kicks you.
* * * LOW HITPOINT WARNING * * *
You partially resist.
You feel drained.
The spectral spriggan berserker hits you!
You die...
Your body crumbles into a pile of gold.

♣..~♣.. ~~ ♣♣~~.~~ ~~~
♣....~ .♣♣§♣♣ ♣♣....
~§~♣..♣ ♣....
♣~~~.~.♣♣♣♣♣ ♣♣~.~
.~~~~~~....♣♣ ♣♣♣♣♣♣§...
§~~.~~Z..~~.♣♣♣~♣~♣..~.~
~.~♣°.h~...........~..~
...○.n○Z§§~~..~§..~~#.~.
.~○☼°°°~~~~~~.~~~.♣.##~.
.~~Zt○♣.~~~~.~♣~.~..##..
.○○○○.~.~~~~~♣♣§.♣♣.....
~~○~~.~~§~~~~.♣♣~~..##..
~~~~~..~~~~~..~♣♣...##..
~..~~~.~~~~~§~.~....##..
~~~~~...~~~#######.##


You could see a ghost crab, 2 spectral spriggan berserkers, a spectral
fenstrider witch (summoned) and a bog body.

Vanquished Creatures
  Jorgrun (D:15)
  A thorn hunter (Swamp:1)
  A fenstrider witch (Swamp:2)
  Nessos (D:13)
  A bunyip (Swamp:1)
  3 eleionomae
  7 slime creatures
  An entropy weaver (Spider:1)
  A shambling mangrove (Swamp:1)
  An ice dragon (Lair:4)
  13 hydras
  4 centaur warriors
  A merfolk avatar (Lair:5)
  A jorogumo (Spider:1)
  Erica (D:9)
  4 boulder beetles
  A catoblepas (Lair:5)
  3 tengu warriors (D:12)
  A ghost crab (Swamp:3)
  An ogre mage (D:15)
  7 two-headed ogres
  An alligator (Swamp:2)
  13 death yaks
  4 orc high priests (Orc:2)
  2 demonic crawlers
  Sonja (Lair:4)
  Nergalle (D:12)
  A fire crab (shapeshifter) (D:14)
  A pharaoh ant (Lair:3)
  3 skeletal warriors (D:15)
  A spriggan druid (Swamp:1)
  A swamp dragon (Swamp:2)
  3 goliath frogs
  Pikel (D:7)
  4 bog bodies (Swamp:1)
  5 orc knights
  6 deep elf pyromancers
  3 wizards (D:14)
  6 manticores
  An orc sorcerer (Orc:2)
  2 harpies (Lair:5)
  7 cyclopes
  13 ugly things
  3 wolf spiders
  2 will-o-the-wisps
  A salamander (D:15)
  11 elephants
  3 black mambas
  An ice statue (Lair:4)
  A gargoyle (D:10)
  2 unseen horrors
  8 komodo dragons
  4 kobold demonologists
  A freezing wraith (D:15)
  12 cane toads
  An unseen horror (shapeshifter) (D:15)
  9 yaktaurs (D:15)
  A rime drake (Lair:3)
  3 efreet (D:13)
  2 tengu conjurers (D:13)
  A bloated husk (Swamp:1)
  A troll (D:15)
  9 polar bears
  A wind drake (shapeshifter) (D:14)
  2 tyrant leeches
  A wind drake (Lair:5)
  2 tarantellas
  4 hornets
  A snapping turtle (Lair:5)
  4 dream sheep (Lair:1)
  21 blink frogs
  2 culicivoras
  5 wraiths
  3 spriggans
  5 jumping spiders
  48 yaks
  8 wyverns
  Eustachio (D:4)
  9 basilisks
  15 humans
  A hog (shapeshifter) (D:15)
  5 redbacks (Spider:1)
  4 steam dragons
  Edmund (D:4)
  Menkaure (D:5)
  13 vampire mosquitoes
  17 swamp worms
  5 wargs
  14 water moccasins
  A swamp drake (Swamp:3)
  6 ice beasts
  23 orc warriors
  A black bear (Lair:1)
  3 sky beasts
  5 ogres
  2 boggarts (D:13)
  14 wolves
  3 centaurs
  A lemure (D:7)
  6 kobold brigands
  11 bullfrogs
  A gnoll sergeant (D:6)
  3 scorpions
  16 wights
  10 killer bees
  4 electric eels
  4 howler monkeys
  A gnoll bouda (D:8)
  32 orc priests
  6 hounds
  3 jellies
  2 sleepcaps
  3 iguanas
  30 orc wizards
  2 hell rats (D:11)
  Robin (D:2)
  13 gnolls
  3 adders
  A river rat (D:11)
  A shadow imp (D:7)
  4 white imps
  An ufetubus (D:5)
  3 worms
  A dart slug (D:1)
  91 orcs
  2 bats
  4 endoplasms
  3 giant cockroaches
  15 goblins
  4 hobgoblins
  14 jackals
  21 kobolds
  7 quokkas
  4 ball pythons
  3 frilled lizards (D:2)
  6 rats
799 creatures vanquished.

Vanquished Creatures (others)
  A fenstrider witch (Swamp:3)
  A bloated husk (Swamp:1)
  A human (D:13)
  An orc priest (Orc:2)
  10 foxfires
14 creatures vanquished.

Grand Total: 813 creatures vanquished

Notes
Turn   | Place    | Note
-------+----------+-------------------------------------------
     0 | D:1      | Kurtz the Octopode Fighter began the quest for the Orb.
     0 | D:1      | Reached XP level 1. HP: 16/16 MP: 1/1
   204 | D:1      | Reached XP level 2. HP: 21/21 MP: 2/2
   285 | D:1      | Reached XP level 3. HP: 20/26 MP: 3/3
   988 | D:2      | Reached XP level 4. HP: 31/31 MP: 4/4
  1040 | D:2      | Found a faded altar of an unknown god.
  1408 | D:2      | Identified the +1 robe of Polytheism {MP+9 Int+3}
  1593 | D:2      | Found Toar's Armour Shoppe.
  1661 | D:2      | Noticed Robin
  1671 | D:2      | Killed Robin
  2079 | D:3      | Reached skill level 5 in Axes
  2116 | D:3      | Found a radiant altar of Vehumet.
  2173 | D:3      | Reached XP level 5. HP: 36/36 MP: 5/5
  2800 | D:4      | Found a hide-covered altar of Uskayaw.
  2800 | D:4      | Found a broken altar of Ashenzari.
  2918 | D:4      | Found a staircase to the Ecumenical Temple.
  2935 | Temple   | Entered the Ecumenical Temple
  2950 | Temple   | Became a worshipper of Gozag Ym Sagoz the Greedy
  3219 | D:4      | Found Nukhus's Magic Scroll Shop.
  3223 | D:4      | Bought a scroll of identify for 20 gold pieces
  3334 | D:4      | Noticed Eustachio
  3346 | D:4      | Killed Eustachio
  3347 | D:4      | Reached XP level 6. HP: 27/42 MP: 6/6
  3434 | D:4      | Noticed Edmund
  3449 | D:4      | Killed Edmund
  3450 | D:4      | Reached XP level 7. HP: 44/46 MP: 7/7
  3742 | D:5      | Entered Level 5 of the Dungeon
  4334 | D:5      | Reached skill level 4 in Shields
  4334 | D:5      | Reached XP level 8. HP: 52/52 MP: 8/8
  4372 | D:5      | Noticed Menkaure
  4388 | D:5      | Killed Menkaure
  4968 | D:6      | Noticed a wraith
  4976 | D:6      | Killed a wraith
  4977 | D:6      | Reached skill level 5 in Fighting
  6047 | D:4      | Bought a scroll of acquirement for 520 gold pieces
  6047 | D:4      | Acquired a manual of Shields
  6153 | D:6      | Reached XP level 9. HP: 60/63 MP: 9/9
  6599 | D:7      | Found Ufru's Distillery.
  6605 | D:7      | Bought a potion of mutation for 96 gold pieces
  6605 | D:7      | Bought a potion of heal wounds for 60 gold pieces
  6907 | D:7      | Reached skill level 10 in Axes
  7377 | D:7      | Noticed Pikel
  7394 | D:7      | Killed Pikel
  7921 | D:4      | Bought a scroll of fear for 40 gold pieces
  7921 | D:4      | Bought a scroll of butterflies for 40 gold pieces
  8053 | D:8      | Reached XP level 10. HP: 41/69 MP: 10/10
  9544 | D:9      | Noticed Erica
  9559 | D:9      | Killed Erica
  9560 | D:9      | Reached skill level 5 in Dodging
  9560 | D:9      | Reached skill level 5 in Shields
  9631 | D:9      | Reached skill level 6 in Shields
 10359 | D:9      | Reached skill level 7 in Shields
 10839 | D:10     | Entered Level 10 of the Dungeon
 10881 | D:10     | Noticed a gargoyle
 10894 | D:10     | Killed a gargoyle
 10895 | D:10     | Reached XP level 11. HP: 43/74 MP: 11/11
 11806 | D:11     | Noticed a boulder beetle
 11824 | D:11     | Killed a boulder beetle
 12011 | D:11     | Identified the +6 long sword "Ycotax" {freeze, rN+ Will++
                  | Int-4 Dex+2}
 12099 | D:11     | Noticed a two-headed ogre
 12112 | D:11     | Killed a two-headed ogre
 12239 | D:11     | Noticed a death yak
 12241 | D:11     | Noticed a death yak
 12267 | D:11     | Noticed a death yak
 12442 | D:11     | Found a staircase to the Orcish Mines.
 12442 | D:11     | Found a staircase to the Lair.
 13061 | D:11     | Killed a death yak
 13232 | D:12     | Noticed a cyclops
 13259 | D:12     | Reached skill level 15 in Axes
 13331 | D:12     | Killed a cyclops
 13500 | Lair:1   | Entered Level 1 of the Lair of Beasts
 13538 | Lair:1   | Reached skill level 8 in Shields
 13607 | Lair:1   | Reached skill level 1 in Stealth
 14018 | Lair:1   | Reached XP level 12. HP: 38/81 MP: 12/12
 15032 | Lair:2   | Noticed a seven-headed hydra
 15202 | Lair:2   | Killed a seven-headed hydra
 15203 | Lair:2   | Reached skill level 1 in Shapeshifting
 15299 | Lair:2   | Reached skill level 9 in Shields
 15758 | Lair:2   | Noticed an eight-headed hydra
 16351 | Lair:2   | Killed a nine-headed hydra
 16751 | Lair:2   | Reached skill level 10 in Shields
 16840 | Lair:2   | Reached XP level 13. HP: 90/90 MP: 13/13
 17458 | D:12     | Noticed Nergalle
 17483 | D:12     | HP: 3/89 [tengu warrior/+0 great mace (6)]
 18710 | D:12     | Reached skill level 11 in Shields
 18731 | D:12     | Killed Nergalle
 18732 | D:12     | Reached skill level 10 in Fighting
 19216 | D:13     | Noticed Nessos
 19216 | D:13     | Found a gate to the Vaults.
 19867 | Lair:2   | Reached skill level 10 in Dodging
 20101 | Lair:2   | Found a staircase to the Swamp.
 20348 | Lair:2   | Identified the +5 spear of Dismay {freeze, rF- rCorr Str+2
                  | Dex+7}
 20588 | Lair:1   | Bought a scroll of teleportation for 36 gold pieces
 20588 | Lair:1   | Bought a scroll of identify for 24 gold pieces
 20588 | Lair:1   | Bought a scroll of identify for 24 gold pieces
 20593 | Lair:1   | Bought a potion of heal wounds for 85 gold pieces
 21476 | Lair:3   | Reached skill level 12 in Shields
 21686 | Lair:3   | Found a large runed translucent door.
 21687 | Lair:3   | Found a large runed translucent door.
 21696 | Lair:3   | Noticed Sompeu's ghost (journeyman DrDe)
 21827 | Lair:3   | Found a hole to the Spider Nest.
 22838 | Lair:4   | Found a viscous altar of Jiyva.
 22850 | Lair:4   | Found a staircase to the Slime Pits.
 22871 | Lair:4   | Reached skill level 13 in Shields
 22871 | Lair:4   | Noticed an ice dragon
 22884 | Lair:4   | Reached XP level 14. HP: 57/99 MP: 14/14
 23172 | Lair:4   | Identified the ring of Xemeeg {Fly rN+ Dex+4 Stlth-}
 23325 | Lair:4   | Noticed Sonja
 23358 | Lair:4   | Reached skill level 14 in Shields
 23374 | Lair:4   | Killed Sonja
 23375 | Lair:4   | Reached skill level 5 in Shapeshifting
 24076 | Lair:5   | Entered Level 5 of the Lair of Beasts
 24213 | Lair:5   | Reached skill level 15 in Shields
 24670 | Lair:4   | Learned a level 8 spell: Ignition
 25417 | D:13     | Reached skill level 16 in Shields
 26872 | D:13     | Killed Nessos
 26873 | D:13     | Reached XP level 15. HP: 105/105 MP: 15/15
 27351 | D:13     | Reached skill level 17 in Shields
 27377 | D:14     | Found the +3 pair of mountain boots {steadfast, rC+}
 27757 | D:14     | Noticed a tentacled starspawn
 27763 | D:14     | Found a transporter.
 27763 | D:14     | Noticed Nanner's ghost (weakling FoFi)
 27766 | D:14     | Found a one-way gate to the infinite horrors of the Abyss.
 27768 | D:14     | Found a transporter.
 28441 | D:15     | Entered Level 15 of the Dungeon
 28441 | D:15     | Noticed Jorgrun
 28510 | D:15     | Found a shimmering blue altar of Sif Muna.
 28661 | Lair:2   | Reached skill level 18 in Shields
 29919 | Lair:5   | Identified the +2 trident of the Candle {speed, rC+ Int+2}
 30986 | Lair:1   | Bought a scroll of torment for 114 gold pieces
 31316 | D:15     | Killed Jorgrun
 31683 | D:15     | Reached XP level 16. HP: 71/114 MP: 16/16
 31917 | D:15     | Found a staircase to the Depths.
 31918 | D:15     | Gained mutation: You are clumsy. (Dex -2) [a shining eye]
 32000 | D:15     | Lost mutation: You are clumsy. (Dex -2) [potion of
                  | mutation]
 32000 | D:15     | Gained mutation: You sometimes lose your temper in combat.
                  | [potion of mutation]
 32000 | D:15     | Gained mutation: Your spells are a little harder to cast,
                  | but a little more powerful. [potion of mutation]
 32001 | D:15     | Lost mutation: You sometimes lose your temper in combat.
                  | [potion of mutation]
 32001 | D:15     | Lost mutation: Your spells are a little harder to cast, but
                  | a little more powerful. [potion of mutation]
 32001 | D:15     | Gained mutation: You are agile. (Dex +4, Str/Int -1)
                  | [potion of mutation]
 32903 | Orc:1    | Entered Level 1 of the Orcish Mines
 33177 | Orc:2    | Entered Level 2 of the Orcish Mines
 33893 | Orc:2    | Found a transporter.
 34193 | Orc:2    | Found a transporter.
 34300 | Orc:2    | Found a staircase to the Elven Halls.
 34428 | Orc:2    | Found Unurupac's Weapon Emporium.
 34428 | Orc:2    | Found Niezibbik's Assorted Antiques.
 34429 | Orc:2    | Found Siwingut's Assorted Antiques.
 34433 | Orc:2    | Found Fahirgho's Antique Armour Emporium.
 34438 | Orc:2    | Bought a scroll of teleportation for 96 gold pieces
 34438 | Orc:2    | Bought a scroll of fear for 128 gold pieces
 34438 | Orc:2    | Bought a wand of acid (4) for 537 gold pieces
 34438 | Orc:2    | Bought a wand of acid (4) for 537 gold pieces
 34438 | Orc:2    | Bought a glowing war axe for 208 gold pieces
 34970 | Orc:2    | Noticed ratmeat3's ghost (journeyman FoFi)
 35116 | Spider:1 | Entered Level 1 of the Spider Nest
 35505 | Swamp:1  | Entered Level 1 of the Swamp
 35616 | Swamp:1  | HP: 6/174 [will-o-the-wisp/foxfire (12)]
 35846 | Swamp:1  | Noticed a thorn hunter
 35856 | Swamp:1  | Killed a thorn hunter
 36273 | Swamp:2  | Noticed a fenstrider witch
 36296 | Swamp:2  | Paralysed by a fenstrider witch for 5 turns
 36306 | Swamp:2  | Killed a fenstrider witch
 37170 | Swamp:3  | Reached XP level 17. HP: 123/123 MP: 17/17
 37291 | Swamp:3  | Paralysed by a fenstrider witch for 5 turns
 37295 | Swamp:3  | HP: 5/120 [spectral fenstrider witch[a ghost crab] (5)]
 37295 | Swamp:3  | HP: 2/120 [spectral fenstrider witch[a ghost crab] (3)]
 37295 | Swamp:3  | Mangled by a spectral spriggan berserker

Illustrated notes

Levels and vault maps discovered:
D:1:      mushboom_english_gardens, layout_loops_ring, minivault_24
D:2:      layout_loops_corners, dreamdust_ecumenical_altar_angels_and_demons,
          serial_shops, nicolae_shop_tiny_statue_garden, uniq_robin
D:3:      layout_basic, mainiacjoe_overflow_six_doors_small
D:4:      layout_loops_ring, minitemple, minmay_temple_entry_sparse_star,
          serial_shops, nicolae_shop_back_alley_shop, uniq_eustachio,
          uniq_edmund
D:5:      layout_basic, grunt_ministairs_6, nicolae_kite_square_tiling_tiny,
          uniq_menkaure
D:6:      layout_loops_cross, fountainhead
D:7:      layout_layer_cave, serial_shops, nicolae_shop_rolling_square,
          minmay_misc_feat_tower, uniq_pikel
D:8:      layout_loops_corners, kennysheep_flooded_box
D:9:      layout_roguey [special_room_orc], hex_medium,
          kennysheep_generic_room_14, uniq_erica
D:10:     layout_roguey
D:11:     layout_layer_cave, dpeg_lair_monsters, orc_0_dummy
D:12:     layout_roguey, uniq_nergalle
D:13:     minmay_swirls_squares, layout_loops_ring, david_vaults_3
D:14:     layout_loops_ring, gammafunk_ghost_abyssal_escape, minivault_4
D:15:     hangedman_depths_entry_try_elsewhere_first, layout_basic,
          lemuel_blue_sif_altar, minmay_diced_spiral, uniq_jorgrun
Temple:   compressed_dpeg_triangle_lava_temple
Lair:1:   layout_chaotic_city, wad_woods_03, infiniplex_staircase_pool_2,
          grunt_megastairs_5, serial_bayou_shore_b
Lair:2:   layout_roguey, palyth_hydra_swamp_entry, grunt_megastairs_4,
          serial_bayou_shore_a
Lair:3:   layout_gridlike, spider_nest_entry_funnel_web,
          ebering_ghost_disaster_area, kennysheep_basilisk_garden
Lair:4:   layout_loops_ring, slime_entry_1, ice2_lemuel, lemuel_fruit_tree,
          uniq_sonja
Lair:5:   gammafunk_lair_ancient_temple, layout_cave_pods, minivault_25,
          minmay_hedge_maze, nicolae_lair_yak_garden
Swamp:1:  layout_falls_marsh, evilmike_swamp_ruin_rubble_1
Swamp:2:  layout_basic_swamp, evilmike_swamp_ruin_house_3
Swamp:3:  layout_basic_swamp, evilmike_swamp_ruin_wall
Spider:1: layout_spider_delve, special_room [special_room_bee], drop_trap
Orc:1:    layout_caves
Orc:2:    st_orc_mages, layout_caves, gammafunk_ghost_stat_death,
          nooodl_orcs_dogs

Skill      XL: |  1  2  3  4  5  6  7  8  9 10 11 12 13 14 15 16 |
---------------+-------------------------------------------------+-----
Axes           | 3 4 5 6 7 8 11 13 15 16 17 | 17.5
Dodging        | 4 6 8 10 11 13 | 13.8
Shields        | 4 7 8 10 13 16 18 | 18.0
Fighting       | 6 7 9 10 11 13 | 13.3
Stealth        | 1 |  1.4
Shapeshifting  | 3 4 7 |  7.0

Action                     |  1- 3 |  4- 6 |  7- 9 | 10-12 | 13-15 | 16-18 || total
---------------------------+-------+-------+-------+-------+-------+-------++-------
  Melee: War axe           |    40 |    38 |       |   334 |   962 |   487 ||  1861
         Tentacles         |     9 |    21 |    45 |   173 |   364 |   186 ||   798
         Constrict         |     7 |    33 |    47 |    94 |   118 |   102 ||   401
         Mace              |       |    82 |       |       |       |       ||    82
         Punch             |       |     3 |     2 |    13 |    15 |     9 ||    42
         Flail             |       |       |   178 |     8 |    24 |    36 ||   246
         Hand axe          |       |       |       |   273 |       |       ||   273
  Throw: Dart              |       |       |     6 |    10 |    30 |     4 ||    50
         Throwing net      |       |       |       |     1 |       |       ||     1
         Boomerang         |       |       |       |       |     2 |       ||     2
 Invoke: Potion Petition   |       |       |       |     1 |     3 |     1 ||     5
         Call Merchant     |       |       |       |       |     3 |     1 ||     4
  Evoke: Wand              |       |     1 |     8 |    40 |    37 |    10 ||    96
         Tin of tremorston |       |       |       |       |       |     2 ||     2
    Use: Potion            |       |     2 |     2 |    10 |     7 |     6 ||    27
         Scroll            |       |       |    12 |     7 |    16 |     1 ||    36
   Stab: Sleeping          |     8 |     4 |     6 |     7 |     8 |     4 ||    37
         Paralysed         |       |     6 |     7 |       |    12 |     4 ||    29
         Distracted        |       |       |     1 |     2 |     8 |    10 ||    21
         Held in net/web   |       |       |       |     2 |       |       ||     2
         Invisible         |       |       |       |     1 |    10 |       ||    11
         Petrified         |       |       |       |       |     2 |       ||     2
         Petrifying        |       |       |       |       |     1 |       ||     1
 Armour: Skin              |    13 |    78 |    60 |   162 |   210 |   120 ||   643
  Dodge: Dodged            |    17 |    69 |   133 |   377 |   451 |   284 ||  1331
  Block: Buckler           |     8 |    23 |    33 |   123 |    70 |       ||   257
         Tower shield      |       |       |       |       |   621 |   632 ||  1253
   Form: Beast             |       |       |       |       |     1 |       ||     1

Table legend: (Time is in decaauts)
 A = Elapsed time spent in this place.
 B = Non-inter-level travel time spent in this place.
 C = Inter-level travel time spent in this place.
 D = Time resting spent in this place.
 E = Time spent auto-exploring this place.
 F = Levels seen in this place.
 G = Mean time per level.
                   A        B        C        D        E       F      G
               +--------+--------+--------+--------+--------+-----+--------+
         Total |  37015 |  33405 |   3610 |   9891 |  16401 |  27 | 1370.9 |
       Dungeon |  21991 |  19908 |   2083 |   5686 |  10332 |  15 | 1466.1 |
        Temple |     22 |     15 |      7 |      0 |      0 |   1 |   22.0 |
          Lair |  10979 |   9598 |   1381 |   3275 |   4112 |   5 | 2195.8 |
         Swamp |   1764 |   1723 |     41 |    410 |    867 |   3 |  588.0 |
   Spider Nest |    144 |    144 |      0 |      0 |     33 |   1 |  144.0 |
  Orcish Mines |   2113 |   2019 |     94 |    519 |   1057 |   2 | 1056.5 |
               +--------+--------+--------+--------+--------+-----+--------+

Top non-repeatable levels by time:
    D:12: 3066 daAuts
  Lair:2: 2626 daAuts
  Lair:1: 2478 daAuts
    D:13: 2153 daAuts
    D:11: 2149 daAuts
  Lair:4: 2069 daAuts
  Lair:5: 1992 daAuts
  Lair:3: 1812 daAuts
    D:15: 1720 daAuts
     D:7: 1493 daAuts
     D:9: 1472 daAuts
     D:5: 1349 daAuts
     D:8: 1310 daAuts
     D:2: 1230 daAuts
     D:4: 1218 daAuts
